 Dungeon Crawl Stone Soup version 0.25-a0-356-g7c9d860b3b (webtiles) character file.

Game seed: 17827300632466757696, levelgen mode: deterministic

3990 Borgoz the Basher (level 10, -1/96 HPs)
             Began as a Gargoyle Gladiator on Jan 3, 2020.
             Was a Follower of Ashenzari.
             Slain by a manticore (16 damage)
             ... on level 8 of the Dungeon.
             The game lasted 00:12:00 (7499 turns).

Borgoz the Basher (Gargoyle Gladiator)              Turns: 7499, Time: 00:12:01

Health: -1/96      AC: 25    Str: 29    XL:     10   Next: 22%
Magic:  10/10      EV: 11    Int:  8    God:    Ashenzari [*.....]
Gold:   390        SH:  0    Dex: 13    Spells: 9/9 levels left

rFire    . . .     SeeInvis +   h - +0 mace (protect)
rCold    . . .     Gourm    .   (no shield)
rNeg     + . .     Faith    .   l - +0 scale mail (curse)
rPois    ∞         Spirit   .   c - +0 helmet
rElec    +         Reflect  .   (no cloak)
rCorr    .         Harm     .   g - +0 pair of gloves
MR       .....                  (no boots)
Stlth    ..........             (no amulet)
HPRegen  0.26/turn              b - ring of see invisible
MPRegen  0.12/turn              n - +4 ring of strength

@: berserking, protection aura, very quick
A: negative energy resistance 1, electricity resistance, unbreathing,
petrification resistance, rot immunity, AC +7
a: Curse Item, Scrying, Renounce Religion


You were on level 8 of the Dungeon.
You worshipped Ashenzari.
Ashenzari was aware of your devotion.
You were hungry.

You visited 2 branches of the dungeon, and saw 9 of its levels.
You also visited: Sewer.

You collected 390 gold pieces.

Inventory:

Hand Weapons
 h - a +0 mace of protection (weapon)
Missiles
 d - 2 throwing nets (quivered)
Armour
 c - a +0 helmet (worn)
 g - a +0 pair of gloves (worn)
 l - a cursed +0 scale mail (worn)
Jewellery
 b - a ring of see invisible (left hand)
 n - a +4 ring of strength (right hand)
 o - an uncursed ring of flight
Wands
 a - a wand of iceblast (5)
 A - a wand of polymorph (7)
 C - a wand of acid (13)
Scrolls
 j - 2 scrolls of immolation {unknown}
 k - 5 scrolls of remove curse
 r - 2 scrolls of amnesia {unknown}
 u - a scroll of enchant weapon {unknown}
 v - a scroll of vulnerability {unknown}
 x - a scroll of blinking {unknown}
 y - a scroll of magic mapping {unknown}
 B - 2 scrolls of fog {unknown}
 D - 3 scrolls of teleportation {unknown}
Potions
 e - 3 potions of curing
 i - 4 potions of degeneration
 q - 3 potions of flight
 s - a potion of resistance
 t - 3 potions of might
 w - a potion of magic {unknown}
 z - a potion of heal wounds
Comestibles
 f - 17 rations
 E - 24 chunks of flesh


   Skills:
 + Level 8.2 Fighting
 * Level 10.6 Maces & Flails
 - Level 1.7 Throwing
 + Level 7.8 Armour
 - Level 2.4 Dodging


You had 9 spell levels left.
You didn't know any spells.
Your spell library was empty.

Dungeon Overview and Level Annotations

Branches:
Dungeon (8/15)             Temple (1/1) D:4            Lair (0/6) D:8
  Sewer (visited)

Altars:
Ashenzari
Dithmenos
Elyvilon
Fedhas
Hepliaklqana
Makhleb
Okawaru
Qazlal
Sif Muna
Uskayaw
Vehumet
Xom
Yredelemnul
Zin
The Shining One

Shops:
D:6 :


Innate Abilities, Weirdness & Mutations

You are resistant to torment.
Your stone body is resilient. (AC +7)
You are immune to poison.
You resist negative energy. (rN+)
You are resistant to electric shocks. (rElec)
You can survive without breathing.
You are immune to petrification.
You are immune to rotting.


Message History

The manticore claws you but does no damage.
The manticore completely misses you.
You hit the manticore.
The manticore is moderately wounded.
The orc hits you but does no damage. The manticore bites you!
* * * LOW HITPOINT WARNING * * *
The manticore claws you but does no damage. x2
A red film seems to cover your vision as you go berserk!
You feel yourself moving faster!
You feel mighty! The orc hits you but does no damage. The manticore bites you!
* * * LOW HITPOINT WARNING * * *
The manticore barely misses you.
The manticore claws you but does no damage.
You hit the manticore.
The manticore is moderately wounded.
The orc hits you but does no damage.
You sock the manticore!
The manticore is heavily wounded.
The manticore bites you!
You die...

......##..
###.......#...... ....
..........# ..........
..........## ........# #
...........## ...... .##
#......#..## .... $..#
###....).##..###.###..#
........)).#.........#
###.####...@o.)...### ..
#....H.......# .
#......†...#.###
#.....####.....###
........##.........##
...#.....#.......P...##
...#..##..............##
.. #..##.......>.......#
#.# ##..............#


You could see a manticore and an orc.

Vanquished Creatures
  Harold (D:7)
  Grinder (D:3)
  2 hungry ghosts
  2 wargs (D:8)
  An orc warrior (D:8)
  2 black bears
  3 ogres
  5 centaurs
  4 bullfrogs
  2 big kobolds
  A scorpion (D:8)
  4 wights (D:6)
  3 crimson imps
  3 howler monkeys
  2 hounds (D:5)
  2 gnoll shamans (D:3)
  2 orc priests
  A centaur skeleton (D:8)
  Ijyb (D:3)
  6 orc wizards
  6 worker ants
  2 hound skeletons
  5 adders
  10 gnolls
  5 river rats
  2 shadow imps
  An ooze (D:2)
  2 worms
  6 leopard geckos
  12 orcs
  5 giant cockroaches
  8 goblins
  5 hobgoblins
  7 jackals
  11 kobolds
  A quokka (D:7)
  5 ball pythons
  7 bats
  15 frilled lizards
  A leopard gecko skeleton (D:5)
  2 quokka skeletons
  10 rats
176 creatures vanquished.

Notes
Turn   | Place    | Note
-------+----------+-------------------------------------------
     0 | D:1      | Borgoz the Gargoyle Gladiator began the quest for the Orb.
     0 | D:1      | Reached XP level 1. HP: 12/12 MP: 1/1
   251 | D:1      | Reached XP level 2. HP: 18/18 MP: 2/2
   636 | D:2      | Reached skill level 1 in Armour
  1017 | D:2      | Reached XP level 3. HP: 20/22 MP: 3/3
  1758 | D:3      | Reached skill level 4 in Maces & Flails
  1762 | D:3      | Reached XP level 4. HP: 27/27 MP: 4/4
  1895 | D:3      | Noticed Ijyb
  1903 | D:3      | Noticed Grinder
  1912 | D:3      | Killed Ijyb
  1940 | D:3      | Killed Grinder
  1940 | D:3      | Reached skill level 5 in Maces & Flails
  1940 | D:3      | Reached XP level 5. HP: 11/33 MP: 5/5
  1940 | D:3      | Reached XP level 6. HP: 13/38 MP: 6/6
  2149 | D:3      | Found a faded altar of an unknown god.
  2595 | D:4      | Reached XP level 7. HP: 24/44 MP: 7/7
  2624 | D:3      | Reached skill level 6 in Maces & Flails
  3721 | D:4      | Reached skill level 5 in Fighting
  3752 | D:4      | Found a staircase to the Ecumenical Temple.
  3761 | Temple   | Entered the Ecumenical Temple
  3949 | Temple   | Became a worshipper of Ashenzari the Shackled
  4158 | D:4      | Found a blossoming altar of Fedhas.
  4184 | D:4      | Reached XP level 8. HP: 49/49 MP: 8/8
  4251 | D:5      | Entered Level 5 of the Dungeon
  4414 | D:5      | Reached skill level 7 in Maces & Flails
  4830 | D:5      | Reached skill level 5 in Armour
  4871 | D:5      | Found a burning altar of Makhleb.
  5002 | D:5      | Reached skill level 8 in Maces & Flails
  5213 | D:5      | Found a glowing silver altar of Zin.
  5213 | D:5      | Noticed an angel
  5440 | D:6      | Found a glowing drain.
  5477 | Sewer    | Entered a sewer
  5580 | Sewer    | Found a glowing silver altar of Zin.
  5828 | D:6      | Found a stormy altar of Qazlal.
  5837 | D:6      | Reached XP level 9. HP: 50/56 MP: 9/9
  5954 | D:6      | Reached * piety under Ashenzari
  5969 | D:6      | Found Qyeck's Book Shoppe.
  6087 | D:6      | Found an iron altar of Okawaru.
  6498 | D:7      | Reached skill level 9 in Maces & Flails
  6544 | D:7      | Found a shattered altar of Ashenzari.
  6574 | D:7      | Noticed Harold
  6599 | D:7      | Killed Harold
  6842 | D:7      | Reached skill level 10 in Maces & Flails
  7286 | D:8      | Reached XP level 10. HP: 47/64 MP: 10/10
  7324 | D:8      | Found a staircase to the Lair.
  7475 | D:8      | Noticed a manticore
  7499 | D:8      | Slain by a manticore

Levels and vault maps discovered:
D:1:      wander_arrival_lonely_grave, layout_rooms, hangedman_decor_points,
          minmay_crystal_room, minmay_lizard_king
D:2:      layout_basic
D:3:      layout_rooms, chequers_ecumenical_altar_island, minmay_pentomino_pile,
          uniq_grinder, uniq_ijyb
D:4:      layout_rooms, minmay_temple_entry_glass, first_ration,
          fedhas_altar_fruit_tree
D:5:      layout_basic, zin_angel, makhleb_blood_cavern_becter
D:6:      layout_loops_ring, grunt_qazlal_clouds, basic_altar,
          portal_sewer_entry_c, serial_shops, shop
D:7:      layout_gridville, ashenzari_altar_1, uniq_harold
D:8:      minmay_the_grid_octo_2x2 [minmay_the_grid_octo_thin_diamonds,
          minmay_the_grid_octo_pinwheel, minmay_the_grid_octo_empty,
          minmay_the_grid_octo_prize_star], layout_basic, old_standard_altar,
          erik_lair_orcish_takeover
Temple:   grunt_temple_mini_profane

Skill      XL: |  1  2  3  4  5  6  7  8  9 10 |
---------------+-------------------------------+-----
Armour         | 1 3 4 5 7 |  7.8
Maces & Flails | 4 5 6 8 10 | 10.6
Fighting       | 3 4 5 6 7 8 |  8.2
Throwing       | |  1.7
Dodging        | |  2.4

Action                   |  1- 3 |  4- 6 |  7- 9 | 10-12 || total
-------------------------+-------+-------+-------+-------++-------
Melee: Flail             |   148 |    47 |       |       ||   195
       Mace              |       |    60 |   513 |   121 ||   694
Throw: Throwing net      |       |     1 |     1 |     1 ||     3
Evoke: Wand              |       |     2 |       |       ||     2
  Use: Scroll            |       |     1 |     1 |     4 ||     6
       Potion            |       |       |     1 |     2 ||     3
 Stab: Sleeping          |     1 |       |       |       ||     1
       Held in net/web   |       |       |     1 |     1 ||     2
  Eat: Chunk             |     2 |     4 |    13 |     1 ||    20
       Ration            |       |       |     5 |       ||     5
Armor: Leather armour    |    22 |       |       |       ||    22
       Scale mail        |    62 |    94 |   357 |    79 ||   592
Dodge: Dodged            |   115 |    98 |   405 |    80 ||   698

Table legend:
 A = Non-vault XP
 B = Vault XP
 C = Vault XP percentage of total XP
 D = Non-vault monster count
 E = Vault monster count
 F = Vault count percentage of total count
                 A         B        C        D         E       F
            +---------+---------+-------+---------+---------+-------
      Total |    3439 |    2262 |  39.7 |     133 |      43 |  24.4
            +---------+---------+-------+---------+---------+-------
        D:1 |       9 |      11 |  55.0 |       6 |       9 |  60.0
        D:2 |      56 |       0 |   0.0 |      25 |       0 |   0.0
        D:3 |     327 |     327 |  50.0 |      34 |       6 |  15.0
        D:4 |     474 |       0 |   0.0 |      19 |       0 |   0.0
        D:5 |     737 |      43 |   5.5 |      13 |       1 |   7.1
        D:6 |     503 |      19 |   3.6 |      13 |       5 |  27.8
        D:7 |     766 |    1018 |  57.1 |      13 |       1 |   7.1
        D:8 |     567 |     687 |  54.8 |      10 |       9 |  47.4
      Sewer |       0 |     157 | 100.0 |       0 |      12 | 100.0
            +---------+---------+-------+---------+---------+-------
